 Dungeon Crawl Stone Soup version 0.30-a0-459-g9104f0fc43 (webtiles) character file.

Game seed: 7723318283458333737

361 NinjaNoafa the Digger (level 6, 0/32 HPs)
             Began as a Gargoyle Earth Elementalist on Dec 15, 2022.
             Was an Initiate of Vehumet.
             Slain by a white imp (1 damage)
             ... summoned by Eustachio
             ... on level 4 of the Dungeon.
             The game lasted 00:05:56 (4070 turns).

NinjaNoafa the Digger (Gargoyle Earth Elementalist) Turns: 4070, Time: 00:05:57

Health: 0/32       AC:  6    Str: 11    XL:     6   Next: 66%
Magic:  0/11       EV: 11    Int: 18    God:    Vehumet [......]
Gold:   176        SH:  0    Dex:  8    Spells: 6/12 levels left

rFire   . . .      SeeInvis .    p - +1 whip (venom)
rCold   + . .      Faith    .    (no shield)
rNeg    + + .      Spirit   .    a - +0 robe
rPois   ∞          Reflect  .    (no helmet)
rElec   +          Harm     .    (no cloak)
rCorr   +          Rampage  .    e - +0 pair of gloves
Will    .....      Clarity  +    (no boots)
Stlth   ++........               u - amulet "Luiligul" {rPois rC+ Regen+ rCorr Dex-2}
HPRegen 1.05/turn                h - ring of positive energy
MPRegen 0.12/turn                (no ring)

@: very slightly contaminated
A: sickness immunity, AC +4, negative energy resistance 1, electricity
resistance, torment resistance 1, petrification resistance, fangs 1, talons 1,
clarity, deformed body, mutation resistance 1
a: Renounce Religion


You were on level 4 of the Dungeon.
You worshipped Vehumet.
Vehumet was noncommittal.
You visited 2 branches of the dungeon, and saw 5 of its levels.

You collected 321 gold pieces.
You spent 145 gold pieces at shops.

Inventory:

Hand Weapons
 p - a +1 whip of venom (weapon)
Missiles
 c - 31 stones
 d - 8 poisoned darts
 k - a throwing net
Armour
 a - a +0 robe (worn)
 e - a +0 pair of gloves (worn)
Jewellery
 h - a ring of positive energy (left hand)
 u - the amulet "Luiligul" (around neck) {rPois rC+ Regen+ rCorr Dex-2}
   (You bought it in a shop on level 3 of the Dungeon)

   [amulet of regeneration]

   Dex:       It affects your dexterity (-2).
   rC:        It protects you from cold.
   rPois:     It protects you from poison.
   Regen:     It increases your rate of health regeneration.
   rCorr:     It protects you from acid and corrosion.
Wands
 y - a wand of iceblast (6)
Scrolls
 j - 2 scrolls of amnesia {unknown}
 m - a scroll of enchant armour {unknown}
 q - 2 scrolls of enchant weapon {unknown}
 s - 3 scrolls of teleportation {unknown}
 t - a scroll of identify {unknown}
 x - a scroll of blinking {unknown}
 z - a scroll of vulnerability {unknown}
 A - a scroll of fear {unknown}
Potions
 f - a potion of heal wounds
 g - 2 potions of berserk rage {unknown}
 i - a potion of mutation
 l - 3 potions of brilliance
 n - a potion of curing
 o - 2 potions of flight
 r - a potion of lignification {unknown}
 v - 2 potions of degeneration {unknown}
 w - a potion of cancellation {unknown}


   Skills:
 - Level 1.5 Dodging
 - Level 2.1 Stealth
 + Level 3.5 Spellcasting
 + Level 1.9 Conjurations
 + Level 2.7 Transmutations
 + Level 6.1 Earth Magic


You had 6 spell levels left.
You knew the following spells:

 Your Spells              Type           Power      Damage    Failure   Level
a - Sandblast             Erth           50%        2d12      1%          1
b - Passwall              Tmut/Erth      15%        N/A       3%          2
c - Stone Arrow           Conj/Erth      34%        3d9       9%          3

Your spell library contained the following spells:

 Spells                   Type           Power      Damage    Failure   Level
 Magic Dart               Conj           40%        1d5       7%          1
 Call Imp                 Summ           3%         N/A       24%         2
 Petrify                  Tmut/Erth      19%        N/A       24%         4
 Ignite Poison            Fire/Tmut/Pois 6%         N/A       32%         3
 Mephitic Cloud           Conj/Pois/Air  5%         N/A       34%         3
 Portal Projectile        Hex/Tloc       6%         N/A       43%         3
 Tukima's Dance           Hex            3%         N/A       43%         3
 Sticky Flame             Conj/Fire      6%         2d3       71%         4
 Blade Hands              Tmut           6%         N/A       80%         5
 Irradiate                Conj/Tmut      5%         3d13      86%         5
 Ignition                 Fire           1%         3d3       100%        8
 Sublimation of Blood     Necr           Unusable   N/A       N/A         2

Dungeon Overview and Level Annotations

Branches:
Dungeon (4/15)             Temple (1/1) D:4

Altars:
Ashenzari
Cheibriados
Dithmenos
Elyvilon
Fedhas
Gozag
Kikubaaqudgha
Makhleb
Nemelex Xobeh
Okawaru
Qazlal
Ru
Sif Muna
Trog
Uskayaw
Vehumet
Wu Jian
Xom
Yredelemnul
Zin
The Shining One

Shops:
D:1 (   D:3 *

Annotations:
D:4 1 runed translucent door, Crazy Yiuf, Eustachio


Innate Abilities, Weirdness & Mutations

You are immune to sickness and miasma.
Your stone body is resilient. (AC +4)
You are immune to poison.
You resist negative energy. (rN+)
You are resistant to electric shocks. (rElec)
You are resistant to unholy torment.
You are immune to petrification.
You have very sharp teeth.
You have sharp toenails.
You possess an exceptional clarity of mind.
Armour fits poorly on your strangely shaped body.
You are somewhat resistant to further mutation.


Message History

You miscast Stone Arrow.
You are very lightly contaminated with residual magic.
You feel a surge of energy from the ground.
The bat closely misses you.
The white imp hits you but does no damage.
You hit Eustachio.
Eustachio is poisoned.
Your kick misses Eustachio. You bite Eustachio, but do no damage.
Eustachio is moderately wounded.
The bat hits you but does no damage. The ufetubus closely misses you.
The ufetubus hits you. Eustachio hits you but does no damage.
The white imp hits you but does no damage.
You closely miss Eustachio. Your kick misses Eustachio.
Eustachio is moderately wounded.
The bat hits you. The ufetubus closely misses you. x2
Eustachio hits you with a +0 falchion!
The white imp shouts, "Scamper home, thou rank pigeon-egg giglet!"
The white imp barely misses you. The ufetubus barely misses you.
The ufetubus hits you.
You hit Eustachio but do no damage.
Eustachio looks as sick as possible!
Your kick misses Eustachio.
Eustachio is moderately wounded.
The bat barely misses you. The ufetubus hits you. x2
Eustachio gestures wildly while chanting.
The white imp hits you but does no damage.
You barely miss the bat. Your kick misses the bat.
The bat hits you but does no damage. The ufetubus closely misses you.
The ufetubus hits you but does no damage.
Eustachio gestures wildly while chanting.
Eustachio blinks!
The white imp gestures at you. The puff of frost hits you. You resist.
The ufetubus hits you but does no damage. x2
The ufetubus attacks as you move away! The ufetubus hits you.
* * * LOW HITPOINT WARNING * * *
The ufetubus hits you.
* * * LOW HITPOINT WARNING * * *
The white imp attacks as you move away! The white imp hits you.
* * * LOW HITPOINT WARNING * * *
The white imp freezes you. You resist.
You die...

#########
#.......#
#.#####.#
#.#...#.###
..######@.#......#
........5.br#..#.#
..######5@r....#.#
###...###.##
######...##
##.....# #......#
####### ##.....#
#.....# ##...##
#.....# #.###
#.....# #...#


You could see Eustachio (extremely poisoned), a river rat (summoned), a white
imp (summoned), an ufetubus (summoned), a quokka (summoned) and a bat
(summoned).

Vanquished Creatures
  A steam dragon (D:4)
  A hound (D:4)
  A jelly (D:4)
  Ijyb (D:4)
  3 adders
  4 gnolls
  An orc (D:4)
  7 ball pythons
  9 endoplasms
  A giant cockroach (D:1)
  9 goblins
  8 hobgoblins
  3 jackals (D:1)
  3 quokkas
  4 bats
  3 frilled lizards (D:1)
  6 kobolds
  7 rats
72 creatures vanquished.

Notes
Turn   | Place    | Note
-------+----------+-------------------------------------------
     0 | D:1      | NinjaNoafa the Gargoyle Earth Elementalist began the quest
                  | for the Orb.
     0 | D:1      | Reached XP level 1. HP: 10/10 MP: 3/3
   140 | D:1      | Reached skill level 1 in Transmutations
   154 | D:1      | Reached XP level 2. HP: 12/15 MP: 0/5
   398 | D:1      | Reached skill level 4 in Earth Magic
   544 | D:1      | Found Wukyo's Antique Weapon Shop.
   762 | D:1      | Reached XP level 3. HP: 19/19 MP: 4/6
  1191 | D:2      | Learned a level 2 spell: Passwall
  1279 | D:2      | Found a shadowy altar of Dithmenos.
  1501 | D:1      | Reached XP level 4. HP: 11/24 MP: 2/8
  1559 | D:1      | Learned a level 3 spell: Stone Arrow
  2255 | D:3      | Found Rogaal's Assorted Antiques.
  2316 | D:3      | Bought a smoking golden amulet for 145 gold pieces
  2316 | D:3      | Identified the amulet "Luiligul" {rPois rC+ Regen+ rCorr
                  | Dex-2} (You bought it in a shop on level 3 of the Dungeon)
  3106 | D:4      | Reached skill level 5 in Earth Magic
  3106 | D:4      | Reached XP level 5. HP: 28/28 MP: 5/9
  3139 | D:4      | Found a staircase to the Ecumenical Temple.
  3146 | Temple   | Entered the Ecumenical Temple
  3227 | Temple   | Became a worshipper of Vehumet
  3433 | D:4      | Noticed Ijyb
  3436 | D:4      | Killed Ijyb
  3670 | D:4      | Found a runed translucent door.
  3671 | D:4      | Noticed Crazy Yiuf
  3850 | D:4      | Noticed a steam dragon
  3862 | D:4      | Killed a steam dragon
  3863 | D:4      | Reached skill level 1 in Conjurations
  3863 | D:4      | Reached skill level 6 in Earth Magic
  3863 | D:4      | Reached XP level 6. HP: 6/32 MP: 3/11
  3865 | D:4      | Gained mutation: You occasionally lose the ability to drink
                  | potions when taking damage. [potion of mutation]
  3865 | D:4      | Gained mutation: You possess an exceptional clarity of
                  | mind. [potion of mutation]
  3865 | D:4      | Gained mutation: You are partially covered in iridescent
                  | scales. (AC +2) [potion of mutation]
  3881 | D:4      | Lost mutation: You are partially covered in iridescent
                  | scales. (AC +2) [potion of mutation]
  3881 | D:4      | Lost mutation: You occasionally lose the ability to drink
                  | potions when taking damage. [potion of mutation]
  3881 | D:4      | Gained mutation: You have very sharp teeth. [potion of
                  | mutation]
  3881 | D:4      | Gained mutation: You are somewhat resistant to further
                  | mutation. [potion of mutation]
  3881 | D:4      | Gained mutation: Armour fits poorly on your strangely
                  | shaped body. [potion of mutation]
  3881 | D:4      | Gained mutation: You have sharp toenails. [potion of
                  | mutation]
  4052 | D:4      | Noticed Eustachio
  4070 | D:4      | HP: 1/32 [white imp[Eustachio] (3)]
  4070 | D:4      | Slain by a white imp

Illustrated notes

Levels and vault maps discovered:
D:1:      roderic_octagonal_star, layout_basic, serial_shops, shop,
          minmay_tetromino_o4
D:2:      layout_basic, basic_altar
D:3:      layout_basic, serial_shops, shop
D:4:      layout_loops_cross, minmay_temple_entry_arrows, st_stairs_2,
          uniq_ijyb, uniq_crazy_yiuf_cottage, uniq_eustachio
Temple:   minmay_crystal_snake_temple

Skill      XL: |  1  2  3  4  5 |
---------------+----------------+-----
Transmutations | 1 2 |  2.7
Earth Magic    | 4 5 6 |  6.1
Spellcasting   | 3 |  3.5
Conjurations   | 1 |  1.9
Dodging        | |  1.5
Stealth        | |  2.1

Action                   |  1- 3 |  4- 6 || total
-------------------------+-------+-------++-------
Melee: Unarmed           |    23 |       ||    23
       Whip              |       |    13 ||    13
       Kick              |       |     1 ||     1
       Bite              |       |     1 ||     1
 Cast: Sandblast         |    49 |    49 ||    98
       Passwall          |     2 |       ||     2
       Stone Arrow       |       |     8 ||     8
  Use: Potion            |       |     8 ||     8
Armor: Robe              |    18 |    35 ||    53
Dodge: Dodged            |    32 |    40 ||    72

Table legend: (Time is in decaauts)
 A = Elapsed time spent in this place.
 B = Non-inter-level travel time spent in this place.
 C = Inter-level travel time spent in this place.
 D = Time resting spent in this place.
 E = Time spent auto-exploring this place.
 F = Levels seen in this place.
 G = Mean time per level.
                   A        B        C        D        E       F      G
               +--------+--------+--------+--------+--------+-----+--------+
         Total |   4119 |   3949 |    170 |      0 |   3394 |   5 |  823.8 |
       Dungeon |   3893 |   3770 |    123 |      0 |   3234 |   4 |  973.2 |
        Temple |    225 |    178 |     47 |      0 |    160 |   1 |  225.0 |
               +--------+--------+--------+--------+--------+-----+--------+

Top non-repeatable levels by time:
     D:1: 1273 daAuts
     D:3: 911 daAuts
     D:2: 904 daAuts
     D:4: 804 daAuts
  Temple: 225 daAuts
